 Dungeon Crawl Stone Soup version 0.28.0-53-g5a82cb258f (webtiles) character file.

Game seed: 5799688629381875873

7237 Zeld the Cleaver (level 10, 0/97 HPs)
             Began as a Minotaur Berserker on June 7, 2022.
             Was a Priest of Trog.
             Shot with an arrow by a centaur warrior (15 damage)
             ... on level 8 of the Dungeon.
             The game lasted 00:06:47 (9147 turns).

Zeld the Cleaver (Minotaur Berserker)               Turns: 9147, Time: 00:06:48

Health: 0/97       AC: 15    Str: 26    XL:     10   Next: 88%
Magic:  9/9        EV:  9    Int:  4    God:    Trog [***...]
Gold:   363        SH:  5    Dex: 10    Spells: 9/9 levels left

rFire   . . .      SeeInvis .   a - +0 war axe
rCold   . . .      Faith    .   (no shield)
rNeg    . . .      Spirit   .   b - +0 plate armour
rPois   .          Reflect  +   (helmet restricted)
rElec   .          Harm     .   (no cloak)
rCorr   .          Rampage  .   j - +0 pair of gloves
Will    ++...                   (no boots)
Stlth   ..........              m - amulet of reflection
HPRegen 1.26/turn               (no ring)
MPRegen 0.11/turn               (no ring)

@: strong-willed, regenerating
A: horns 2, retaliatory headbutt
a: Renounce Religion, Berserk, Trog's Hand


You were on level 8 of the Dungeon.
You worshipped Trog.
Trog was most pleased with you.
You visited 2 branches of the dungeon, and saw 9 of its levels.

You collected 363 gold pieces.

Inventory:

Hand Weapons
 a - a +0 war axe (weapon)
Armour
 b - a +0 plate armour (worn)
 j - a +0 pair of gloves (worn)
Jewellery
 m - an amulet of reflection (around neck)
Wands
 t - a wand of flame (22)
Scrolls
 f - 2 scrolls of magic mapping
 h - a scroll of immolation {unknown}
 i - 2 scrolls of holy word {unknown}
 k - 2 scrolls of vulnerability {unknown}
 l - 3 scrolls of blinking {unknown}
 n - a scroll of noise {unknown}
 o - a scroll of fog {unknown}
 p - 2 scrolls of amnesia {unknown}
 q - a scroll of brand weapon {unknown}
 s - a scroll of enchant armour {unknown}
 u - a scroll of teleportation {unknown}
 w - a scroll of identify {unknown}
Potions
 c - a potion of might {unknown}
 d - 3 potions of heal wounds {unknown}
 e - 7 potions of curing {unknown}
 r - 4 potions of brilliance {unknown}
 v - a potion of berserk rage {unknown}
 x - a potion of degeneration {unknown}
 z - a potion of flight {unknown}


   Skills:
 * Level 12.1 Fighting
 * Level 12.2 Axes
 + Level 8.5 Armour
 + Level 7.8 Dodging


You had 9 spell levels left.
You didn't know any spells.
Your spell library was empty.

Dungeon Overview and Level Annotations

Branches:
Dungeon (8/15)             Temple (1/1) D:5
   Lair: D:8-11

Altars:
Ashenzari
Cheibriados
Dithmenos
Elyvilon
Fedhas
Gozag
Hepliaklqana
Kikubaaqudgha
Makhleb
Nemelex Xobeh
Okawaru
Qazlal
Ru
Sif Muna
Vehumet
Wu Jian
Xom
Yredelemnul
Zin
The Shining One

Shops:
D:4 :


Innate Abilities, Weirdness & Mutations

You have a pair of horns on your head.
You reflexively headbutt those who attack you in melee.


Message History

The killer bee barely misses your black bear.
Your black bear completely misses the killer bee.
Your black bear closely misses the killer bee.
Your black bear completely misses the killer bee.
The centaur warrior closely misses your black bear. x2
The killer bee stings your black bear.
Your black bear looks as sick as possible!
The killer bee poisons your black bear!
Your black bear closely misses the killer bee. x2
Your black bear misses the killer bee.
The killer bee completely misses your black bear.
Your black bear misses the killer bee.
Your black bear barely misses the killer bee.
Your black bear claws the killer bee.
The killer bee stings your black bear. The bullfrog hits your black bear.
Items here: )) [ ÷.
The killer bee closely misses your black bear.
Your black bear misses the bullfrog.
Your black bear barely misses the bullfrog.
Your black bear claws the bullfrog.
The centaur warrior wields a +0 shortbow.
The centaur warrior shoots an arrow.
The arrow hits you!
* * * LOW HITPOINT WARNING * * *
The killer bee stings your black bear.
Your black bear dies!
Your black bear's corpse disappears in a puff of smoke!
The killer bee buzzes angrily.
There is an open door, spattered with blood here.
Unknown command.
As you read the scroll labelled QUUSIG CIENTUA, it crumbles to dust.
You feel aware of your surroundings.
You sensed 1 altar.
It was a scroll of magic mapping.
The komodo dragon bites you but does no damage.
As you read the scroll labelled YSMAUZ ONECZAI, it crumbles to dust.
You assume a fearsome visage.
The killer bee looks frightened!
The centaur looks frightened!
The komodo dragon looks frightened!
It was a scroll of fear.
Cornered, the killer bee turns to fight!
The centaur warrior shoots an arrow.
The arrow hits you!
You die...

*,##.c...c#####*,***
*,,##.......# **,*,
**,,##.)÷yl## **,,
**,,###c### ###
**,,##..#..## #..
*,,##..#.#..## ###.
*,##..#...#..####)##
*,#..#..#..#..#.##.#
*,#@#..#.#..#.#..##.
*,##..#.(.#..#'.....
*,#.#..#.#..#.#..##.
*,#..#..#..#..#.##)#
*,##..#...#..####.##
*,,##..#.#..##,*###.
**,,##..#..##,,,*#..
**,,#######,,*,,###
**,,,,,,,,,***,...


You could see a centaur warrior, a komodo dragon (fleeing) and a killer bee.

Vanquished Creatures
  A centaur warrior (D:8)
  A two-headed ogre (D:7)
  An ugly thing (D:7)
  A gargoyle (D:8)
  A troll (D:7)
  2 wyverns (D:8)
  Grum (D:8)
  The ghost of Brotato the Agent of Entropy, an amateur DsAK of Lugonu (D:5)
  A steam dragon (D:8)
  Edmund (D:5)
  3 water moccasins
  4 ice beasts
  3 orc warriors
  3 sky beasts
  2 black bears
  2 ogres
  3 wolves
  2 necrophages
  A centaur (D:8)
  4 kobold brigands
  2 phantoms (D:6)
  2 gnoll sergeants
  4 bullfrogs
  2 jellies
  A wight (D:8)
  3 hounds
  2 centaur zombies (D:6)
  A bullfrog skeleton (D:6)
  An orc priest (D:4)
  A gnoll shaman (D:5)
  3 iguanas
  A water moccasin simulacrum (D:5)
  3 orc wizards (D:8)
  A killer bee zombie (D:7)
  A bullfrog simulacrum (D:5)
  A centaur simulacrum (D:5)
  A killer bee simulacrum (D:5)
  A scorpion simulacrum (D:5)
  10 gnolls
  7 adders
  2 shadow imps
  3 white imps
  2 adder zombies (D:3)
  An adder skeleton (D:4)
  2 worms (D:3)
  5 dart slugs
  12 orcs
  7 ball pythons
  2 endoplasms
  4 giant cockroaches
  6 goblins
  5 hobgoblins
  13 kobolds
  2 quokkas
  A ball python zombie (D:3)
  4 bats
  5 frilled lizards
  A giant cockroach zombie (D:3)
  6 rats
169 creatures vanquished.

Vanquished Creatures (collateral kills)
  A centaur warrior (D:8)
1 creature vanquished.

Vanquished Creatures (others)
  A bullfrog (D:8)
  2 plants (D:4)
3 creatures vanquished.

Grand Total: 173 creatures vanquished

Notes
Turn   | Place    | Note
-------+----------+-------------------------------------------
     0 | D:1      | Zeld the Minotaur Berserker began the quest for the Orb.
     0 | D:1      | Reached XP level 1. HP: 19/19 MP: 0/0
   127 | D:1      | Reached XP level 2. HP: 18/27 MP: 1/1
   751 | D:2      | Reached XP level 3. HP: 33/33 MP: 2/2
   889 | D:2      | Reached ** piety under Trog
  1623 | D:3      | Reached XP level 4. HP: 34/41 MP: 3/3
  1997 | D:3      | Noticed an ogre
  2018 | D:3      | Killed an ogre
  2019 | D:3      | Reached skill level 5 in Fighting
  2019 | D:3      | Reached skill level 5 in Axes
  2019 | D:3      | Reached XP level 5. HP: 39/48 MP: 4/4
  2311 | D:3      | Found a glowing golden altar of the Shining One.
  2370 | D:3      | Found a basalt altar of Yredelemnul.
  2896 | D:4      | Noticed an orc warrior
  2906 | D:4      | Killed an orc warrior
  2907 | D:4      | Reached XP level 6. HP: 39/57 MP: 5/5
  3193 | D:4      | Found a glowing silver altar of Zin.
  3239 | D:4      | Found a white marble altar of Elyvilon.
  3404 | D:4      | Noticed an ice beast
  3412 | D:4      | Killed an ice beast
  3605 | D:4      | Found a blossoming altar of Fedhas.
  3608 | D:4      | Found Jelur's Book Boutique.
  3835 | D:5      | Entered Level 5 of the Dungeon
  3860 | D:5      | Reached XP level 7. HP: 47/63 MP: 6/6
  4219 | D:5      | Reached *** piety under Trog
  4479 | D:5      | Found a staircase to the Ecumenical Temple.
  4488 | Temple   | Entered the Ecumenical Temple
  4640 | D:5      | Found a runed translucent gate.
  4641 | D:5      | Found a runed translucent gate.
  4643 | D:5      | Found a runed translucent gate.
  4666 | D:5      | Noticed Edmund
  4689 | D:5      | Killed Edmund
  4901 | D:5      | Reached skill level 5 in Armour
  4905 | D:5      | Reached XP level 8. HP: 68/73 MP: 7/7
  4994 | D:5      | Noticed Brotato's ghost (amateur DsAK)
  5280 | D:5      | Killed Brotato's ghost
  5396 | D:5      | Reached skill level 5 in Dodging
  5766 | D:6      | Found a glowing golden altar of the Shining One.
  6215 | D:6      | Reached XP level 9. HP: 83/83 MP: 8/8
  6278 | D:6      | Found an iron altar of Okawaru.
  6540 | D:7      | Found an opulent altar of Gozag.
  7094 | D:7      | Noticed a two-headed ogre
  7100 | D:7      | Noticed a green ugly thing
  7106 | D:7      | Killed a two-headed ogre
  7107 | D:7      | Reached skill level 10 in Fighting
  7107 | D:7      | Reached skill level 10 in Axes
  7117 | D:7      | Killed a green ugly thing
  7328 | D:7      | Noticed a troll
  7332 | D:7      | Noticed a boulder beetle
  7352 | D:7      | Killed a troll
  7635 | D:8      | Noticed Grum
  7657 | D:7      | Reached XP level 10. HP: 51/94 MP: 9/9
  7952 | D:7      | Reached **** piety under Trog
  8116 | D:8      | Killed Grum
  9080 | D:8      | Found a glowing golden altar of the Shining One.
  9091 | D:8      | Noticed a centaur warrior
  9092 | D:8      | Noticed a centaur warrior
  9092 | D:8      | Noticed a gargoyle
  9092 | D:8      | Noticed a gargoyle
  9097 | D:8      | Noticed a centaur warrior
  9104 | D:8      | Killed a centaur warrior
  9122 | D:8      | Killed a gargoyle
  9128 | D:8      | Killed a centaur warrior
  9147 | D:8      | Shot with an arrow by a centaur warrior

Illustrated notes

Levels and vault maps discovered:
D:1:      minmay_arrival_shattered_statue, layout_rooms
D:2:      layout_basic
D:3:      minmay_spotlight, layout_basic, nicolae_yredelemnul_corpse_copse,
          nicolae_tso_swordbearing_angel
D:4:      layout_basic, mainiacjoe_overflow_boulevard,
          mainiacjoe_overflow_catch_the_wave, serial_shops, shop
D:5:      layout_loops_cross, temple_hall, gammafunk_ghost_icy,
          patterned_corridor, uniq_edmund
D:6:      layout_basic, hangedman_feature_mirror
D:7:      wander_river, layout_basic, mainiacjoe_overflow_paths, kb_rosetta
D:8:      minmay_the_grid_octo_2x2 [minmay_the_grid_octo_clover_2,
          minmay_the_grid_octo_thin_diamonds,
          minmay_the_grid_octo_vomiting_pacman,
          minmay_the_grid_octo_prize_ultimate_mussel_roller], layout_gridville,
          nicolae_overflow_crystal_walls, minmay_hollow_rounded_squares,
          uniq_grum
Temple:   cyrus_circular_temple

Skill      XL: |  1  2  3  4  5  6  7  8  9 10 |
---------------+-------------------------------+-----
Axes           | 4 5 6 7 9 10 12 | 12.2
Fighting       | 4 5 6 7 9 10 12 | 12.1
Armour         | 3 4 5 6 7 8 |  8.5
Dodging        | 3 4 5 6 7 |  7.8

Action                   |  1- 3 |  4- 6 |  7- 9 | 10-12 || total
-------------------------+-------+-------+-------+-------++-------
Melee: Hand axe          |    67 |    97 |   291 |    74 ||   529
       Headbutt          |     7 |    15 |    63 |    19 ||   104
       Punch             |       |     1 |     9 |     3 ||    13
       War axe           |       |       |       |    63 ||    63
Invok: Berserk           |       |     3 |     4 |       ||     7
       Trog's Hand       |       |       |       |     3 ||     3
       Brothers in Arms  |       |       |       |     2 ||     2
  Use: Scroll            |       |       |       |     2 ||     2
Armor: Animal skin       |    12 |    12 |       |       ||    24
       Plate armour      |       |    14 |   168 |    84 ||   266
Dodge: Dodged            |    41 |    38 |   112 |    35 ||   226
Block: Other             |       |     3 |    83 |    37 ||   123
       Reflection        |       |       |     1 |       ||     1
